Map: Frozen Temple

Players

Miszu - Winner!

  • Race: Terran Terran
  • League: Master

GamerRichy

  • Race: Terran Terran
  • League: Master

VOD

Have the link to the VOD?

Description

Time

  • Played on: April 20, 2016, 1:48 p.m.
  • Length: 7:30
Show
View Real Time Build Order
Export as new Build Order

Miszu Terran - Winner!

Build Orders: 1/1/1 

Get SALT Encoding   

  12  0:01  SCV  
  13  0:13  SCV  
  14  0:18  Supply Depot  
  14  0:25  SCV  
  14  0:27  Refinery  
  15  0:39  SCV  
  16  0:45  Barracks  
  16  0:51  SCV  
  17  1:04  Refinery, SCV  
  18  1:16  SCV  
  19  1:30  SCV  
  20  1:34  Factory  
  20  1:35  Marine  
  21  1:42  Orbital Command  
  21  1:53  Supply Depot  
  21  1:55  Marine  
  22  2:08  SCV  
  23  2:14  Marine  
  24  2:19  Starport  
  24  2:20  Factory Tech Lab  
  24  2:23  SCV  
  25  2:32  Marine  
  27  2:38  Siege Tank  
  27  2:43  Supply Depot  
  29  2:56  Medivac  
  31  3:04  Marine, SCV  
  31  3:05  Supply Depot  
  33  3:10  Siege Tank  
  36  3:22  Marine  
  36  3:24  SCV  
  36  3:26  Viking  
  40  3:34  Supply Depot  
  40  3:36  SCV  
  40  3:40  Marine  
  42  3:45  Siege Tank  
  44  3:49  SCV  
  45  4:05  SCV  
  45  4:09  Marine  
  47  4:10  Viking  
  49  4:18  SCV  
  50  4:30  Marine  
  50  4:31  Siege Tank, SCV  
  55  4:43  Viking  
  55  4:57  Supply Depot  
  55  5:02  Supply Depot  
  55  5:08  Marine, SCV  
  55  5:10  Siege Tank  
  47  5:21  SCV  
  47  5:22  Viking  
  47  5:26  Marine  
  50  5:33  SCV  
  51  5:38  Command Center  
  51  5:44  Marine  
  51  5:47  SCV  
  53  5:57  Siege Tank  
  56  6:08  Marine  
  56  6:09  Viking  
  56  6:10  SCV  
  60  6:32  Marine  
  61  6:33  Siege Tank  
  58  6:49  Viking, SCV  
  58  6:50  Marine  
  62  7:07  Marine  
  60  7:16  SCV  
Show
View Real Time Build Order
Export as new Build Order

GamerRichy Terran 

Build Orders:  

Get SALT Encoding   

  12  0:01  SCV  
  13  0:13  SCV  
  14  0:18  Supply Depot  
  14  0:25  SCV  
  15  0:39  SCV  
  15  0:41  Barracks  
  16  0:44  Refinery  
  16  0:51  SCV  
  17  1:03  SCV  
  18  1:15  SCV  
  19  1:27  Barracks Reactor  
  19  1:28  Orbital Command  
  19  1:45  Command Center  
  19  1:55  SCV  
  20  2:04  Marine x2  
  20  2:06  Supply Depot  
  20  2:07  SCV  
  22  2:16  Factory  
  22  2:20  SCV  
  23  2:27  Marine x2  
  25  2:32  SCV  
  26  2:44  SCV  
  27  2:45  Marine x2  
  29  2:56  SCV  
  29  2:58  Orbital Command  
  30  3:00  Widow Mine  
  30  3:02  Starport  
  32  3:06  Marine  
  32  3:07  Refinery, Marine  
  32  3:11  SCV  
  35  3:23  SCV  
  35  3:24  SCV  
  35  3:26  Supply Depot, Marine  
  38  3:28  Marine  
  38  3:32  Factory Tech Lab  
  39  3:43  Viking  
  39  3:44  SCV  
  39  3:46  Supply Depot  
  42  4:00  Marine x2  
  42  4:02  Siege Tank  
  46  4:04  SCV x2  
  48  4:16  SCV  
  47  4:19  Marine  
  46  4:26  SCV  
  46  4:28  Marine, SCV  
  46  4:30  Viking  
  51  4:32  Engineering Bay  
  51  4:37  Marine  
  51  4:38  SCV  
  51  4:40  SCV  
  51  4:42  Supply Depot  
  53  4:47  Marine  
  53  4:50  SCV  
  53  4:51  Supply Depot  
  52  4:58  Siege Tank  
  53  5:01  Marine  
  53  5:03  SCV  
  32  5:17  SCV x2  
  32  5:19  Marine  
  33  5:22  Viking  
  33  5:28  Missile Turret  
  35  5:29  SCV  
  35  5:32  SCV  
  37  5:41  SCV  
  38  5:46  Marine  
  38  5:47  SCV  
  40  5:53  SCV  
  40  5:54  Viking, Missile Turret  
  43  5:59  SCV  
  44  6:05  SCV  
  44  6:07  Marine  
  46  6:11  SCV  
  46  6:14  Missile Turret  
  46  6:17  SCV  
  48  6:23  SCV  
  48  6:24  Siege Tank  
  50  6:25  Marine  
  50  6:29  SCV  
  51  6:35  SCV  
  37  6:41  SCV  
  37  6:43  Marine  
  32  6:47  SCV  
  32  6:48  Viking  
  32  6:53  SCV  
  36  7:00  SCV  
  37  7:05  SCV  
  36  7:12  SCV  
  33  7:18  SCV  
Tags
 
Matchup
TvT
Opening
1/1/1
Race
Terran
Add a new tag
Caveats
  • Supply blocks, unpowered buildings, or Contaminate may cause inaccurate times.
  • Supply counts are checked every 10 seconds.